[Event "ICC tourney 1900 (45 10)"]
[Site "Internet Chess Club"]
[Date "2020.07.04"]
[Round "2"]
[White "rcww2020"]
[Black "Superowen"]
[Result "0-1"]
[ICCResult "White checkmated"]
[WhiteElo "1237"]
[BlackElo "1331"]
[Opening "Sicilian: Smith-Morra gambit"]
[ECO "B21"]
[NIC "SI.48"]
[Time "13:31:37"]
[TimeControl "2700+10"]

1. e4 c5 2. d4 cxd4 3. c3 d5 4. exd5 Qxd5 5. cxd4 Nc6 6. Nf3 Bg4 7. Nc3 Bxf3
8. Nxd5 Bxd1 9. Nc7+ Kd7 10. Nxa8 Bh5 11. f3 Nxd4 12. Bd3 e5 13. Be3 Bd6 14.
Bxd4 exd4 15. Bf5+ Kd8 16. Rc1 Ne7 17. Be4 Kd7 18. Bxb7 Rb8 19. Be4 f5 20.
Bd3 Rxa8 21. O-O Rb8 22. b3 Bf4 23. Rc5 Be3+ 24. Kh1 Bg6 25. Ra5 Rb7 26. g4
f4 27. Bxg6 Nxg6 28. Kg2 Rc7 29. Kh3 Ne7 30. Rd1 Nc6 31. Rf5 Ke6 32. Rb5 Ne5
33. a4 d3 34. Rxe5+ Kxe5 35. Rxd3 g5 36. Kg2 Rc2+ 37. Kh1 Rf2 38. Rd7 Rxf3
39. Rxh7 Rf1+ 40. Kg2 Rf2+ 41. Kh3 Rb2 42. Rb7 f3 43. Kg3 f2 44. Kg2 Rb1 45.
Re7+ Kd4 46. Rf7 Kd3 47. h4 Ke2 48. h5 f1=Q+ 49. Rxf1 Rxf1 50. h6 Rf8 51. b4
Rh8 52. b5 Rxh6 53. a5 Rd6 54. b6 Bxb6 55. axb6 axb6 56. Kg3 b5 57. Kg2 b4
58. Kg3 b3 59. Kg2 b2 60. Kg3 b1=Q 61. Kg2 Qe4+ 62. Kh2 Qxg4 63. Kh1 Rd1+
64. Kh2 Rd3 65. Kh1 Rh3# {White checkmated} 0-1

[Event "ICC tourney 1900 (45 10)"]
[Site "Internet Chess Club"]
[Date "2020.07.04"]
[Round "2"]
[White "dabpacman"]
[Black "DanielA1926"]
[Result "0-1"]
[ICCResult "White resigns"]
[WhiteElo "1212"]
[BlackElo "1251"]
[Opening "Sicilian: closed"]
[ECO "B23"]
[NIC "SI.44"]
[Time "13:30:47"]
[TimeControl "2700+10"]

1. e4 c5 2. Nc3 e6 3. f4 b6 4. Nf3 Bb7 5. Bc4 Ne7 6. d3 d5 7. Bb5+ Nbc6 8.
Bxc6+ Bxc6 9. O-O d4 10. Ne2 Qd7 11. Ne5 Qc7 12. Qe1 f6 13. Nxc6 Nxc6 14. f5
e5 15. Qh4 Nb4 16. Bd2 a5 17. Bxb4 axb4 18. g4 Bd6 19. Qh5+ Qf7 20. Qh4 Rxa2
21. Qh5 Qxh5 22. gxh5 Rxa1 23. Rxa1 Kd7 24. Ra7+ Bc7 25. c3 c4 26. Nc1 dxc3
27. bxc3 bxc3 28. Ra3 Rc8 29. Rxc3 Bd6 30. Rxc4 Rxc4 31. dxc4 Kc6 32. Nb3 b5
33. cxb5+ Kxb5 34. Kg2 Kc4 35. Nc1 Ba3 36. Ne2 Kd3 37. Kf3 Bc5 38. Ng3 Be3
39. Kg4 Bf4 40. Kf3 Bxg3 41. hxg3 h6 42. g4 Kd4 43. Kg3 Kxe4 44. Kh4 Kf3 45.
g5 fxg5+ {White resigns} 0-1

[Event "ICC tourney 1900 (45 10)"]
[Site "Internet Chess Club"]
[Date "2020.07.04"]
[Round "2"]
[White "Roger436"]
[Black "NSXchessplayer"]
[Result "0-1"]
[ICCResult "White checkmated"]
[WhiteElo "1237"]
[BlackElo "1346"]
[Opening "Ruy Lopez: Cozio defense"]
[ECO "C60"]
[NIC "RL.04"]
[Time "13:31:10"]
[TimeControl "2700+10"]

1. e4 e5 2. Nf3 Nc6 3. Bb5 Nge7 4. d4 exd4 5. Nxd4 g6 6. Nc3 Bg7 7. Be3 O-O
8. Qd2 d6 9. f3 Bd7 10. Be2 a6 11. h4 Nxd4 12. Bxd4 Nc6 13. Bxg7 Kxg7 14. h5
Be6 15. hxg6 hxg6 16. Qh6+ Kf6 17. Qh4+ Kg7 18. Qf4 Rh8 19. O-O-O g5 20. Qg3
Qf6 21. Rhf1 Kf8 22. f4 gxf4 23. Rxf4 Qg7 24. Qf2 Ke7 25. Rf1 Rag8 26. Bg4
Ne5 27. Bxe6 fxe6 28. Qa7 Rb8 29. Qf2 Rbf8 30. Ne2 Rxf4 31. Nxf4 Rf8 32.
Qh4+ Kd7 33. Qh3 Ng4 34. Rf3 Rh8 35. Qg3 Rg8 36. Qe1 Ne5 37. Rb3 b6 38. Qf1
b5 39. Ra3 Nc4 40. Rxa6 Qxb2+ 41. Kd1 Ne3+ 42. Ke2 Nxf1 43. Kxf1 Qc1+ 44.
Ke2 Qxf4 45. Kd3 Rxg2 46. a4 Qd2# {White checkmated} 0-1

[Event "ICC tourney 1900 (45 10)"]
[Site "Internet Chess Club"]
[Date "2020.07.04"]
[Round "2"]
[White "karuto2006"]
[Black "StevChess01"]
[Result "1-0"]
[ICCResult "Black resigns"]
[WhiteElo "1485"]
[BlackElo "1374"]
[Opening "Sicilian: O'Kelly variation"]
[ECO "B28"]
[NIC "SI.43"]
[Time "13:30:51"]
[TimeControl "2700+10"]

1. e4 c5 2. Nf3 a6 3. d4 cxd4 4. Nxd4 Nf6 5. Nc3 e5 6. Nf5 d5 7. Ng3 d4 8.
Nb1 Bb4+ 9. Bd2 Bc5 10. Bd3 O-O 11. O-O Nc6 12. a3 Be7 13. f4 Bg4 14. Qe1
Bd7 15. h3 Bd6 16. f5 Qb6 17. b3 Qd8 18. Bg5 Be7 19. Nd2 Ne8 20. Bxe7 Qxe7
21. Ne2 b5 22. g4 Qg5 23. Nf3 Qe7 24. g5 f6 25. h4 Nc7 26. Qg3 Kh8 27. Rf2
Be8 28. Qg4 Bf7 29. Rh2 g6 30. Ng3 Rg8 31. Kf2 Kg7 32. h5 Kf8 33. hxg6 hxg6
34. Rh7 Ne8 35. fxg6 Rxg6 36. Nf5 Qc7 37. Rh8+ Rg8 38. Rah1 Be6 39. Rxg8+
Bxg8 40. Rh8 Ne7 41. gxf6 Nxf6 42. Qg7+ Ke8 43. Qxf6 Nxf5 44. Rxg8+ Kd7 45.
Qxf5+ Kc6 46. Nxe5+ Kb7 47. Rxa8 Kxa8 48. Qf8+ Kb7 49. Qf7 {Black resigns}
1-0

[Event "ICC tourney 1900 (45 10)"]
[Site "Internet Chess Club"]
[Date "2020.07.04"]
[Round "2"]
[White "evg1234567"]
[Black "Gurru235088"]
[Result "1-0"]
[ICCResult "Black resigns"]
[WhiteElo "1625"]
[BlackElo "1394"]
[Opening "Nimzo-Indian: 4.e3 e8g8, 5.Nf3 d7d5"]
[ECO "E51"]
[NIC "NI.06"]
[Time "13:30:50"]
[TimeControl "2700+10"]

1. d4 Nf6 2. c4 e6 3. Nc3 Bb4 4. Nf3 O-O 5. e3 d5 6. Bd3 Nbd7 7. O-O dxc4 8.
Bxc4 b6 9. Qe2 Bb7 10. Bd2 c5 11. dxc5 Nxc5 12. a3 Bxc3 13. Bxc3 Rc8 14.
Rfd1 Qe7 15. b4 Nce4 16. Bb2 Qc7 17. Rac1 Qb8 18. h3 Rfd8 19. Bb3 Rxd1+ 20.
Rxd1 h6 21. Ne5 Nc3 22. Bxc3 Rxc3 23. Bc2 Qc7 24. Bb1 Rxa3 25. Qb2 Ra4 26.
Bc2 Ra6 27. Bd3 b5 28. Bxb5 Rd6 29. Rc1 Qd8 30. Ba4 Rd2 31. Qb3 Qd6 32. Nf3
Ne4 33. Nxd2 Qxd2 34. Qc2 Qd5 35. f3 Ng3 36. Qf2 Qg5 37. f4 Qg6 38. Bc2 f5
39. Kh2 Ne4 40. Bxe4 Bxe4 41. Rc8+ Kh7 42. Rc7 a6 43. Qg3 Qxg3+ 44. Kxg3 Kg6
45. Ra7 Bd3 46. Kf3 Kf6 47. g4 g6 48. Rh7 fxg4+ 49. hxg4 Bc2 50. Rxh6 Kg7
51. Rh2 Bd1+ 52. Ke4 Bxg4 53. Ra2 Bf5+ 54. Kd4 e5+ 55. Kxe5 Bc8 56. Rc2 Bh3
57. Rc7+ Kh6 58. Kf6 Bf5 59. Rc5 Bd3 60. Rc1 Be4 61. Ra1 Bb7 62. Ra2 Kh7 63.
Rh2+ Kg8 64. Kxg6 Be4+ 65. Kf6 Bd3 66. f5 {Black resigns} 1-0

[Event "ICC tourney 1900 (45 10)"]
[Site "Internet Chess Club"]
[Date "2020.07.04"]
[Round "2"]
[White "arconsul2"]
[Black "HAPPYKING99"]
[Result "1-0"]
[ICCResult "Black resigns"]
[WhiteElo "1316"]
[BlackElo "1283"]
[Opening "English opening"]
[ECO "A05"]
[NIC "RE.02"]
[Time "13:30:48"]
[TimeControl "2700+10"]

1. Nf3 Nf6 2. c4 c6 3. g3 d5 4. Bg2 Bf5 5. O-O e6 6. b3 Nbd7 7. Bb2 Bd6 8.
Nh4 Be4 9. f3 Bxb1 10. Qxb1 g5 11. Nf5 exf5 12. Qxf5 Rg8 13. e4 Qc7 14. Bxf6
Nxf6 15. exd5 Be7 16. Rae1 Kf8 17. dxc6 Qxc6 18. d4 Qd7 19. Qxd7 Nxd7 20. f4
Rb8 21. Be4 gxf4 22. Rxf4 Nf6 23. Bc2 b5 24. Ref1 Rb6 25. cxb5 Rg7 26. a4
Nd5 27. R4f3 a6 28. bxa6 Rxa6 29. Bd3 Rb6 30. Bc4 Nf6 31. a5 Rd6 32. a6 Rxd4
33. Rxf6 Bxf6 34. Rxf6 Rd1+ 35. Kg2 Ra1 36. Rb6 f5 37. Rf6+ Ke7 38. Rxf5
Ra2+ 39. Kh3 Kd6 40. Rf8 Rg6 41. Rf4 Ke5 42. Rh4 h6 43. Rh5+ Kd6 44. Rd5+
Kc6 45. Rf5 Rd6 46. Rh5 Kd7 47. b4 Rdd2 48. Bxa2 Rxa2 49. b5 {Black resigns}
1-0

[Event "ICC tourney 1900 (45 10)"]
[Site "Internet Chess Club"]
[Date "2020.07.04"]
[Round "2"]
[White "rkanury1"]
[Black "Kyle2007"]
[Result "0-1"]
[ICCResult "White checkmated"]
[WhiteElo "1226"]
[BlackElo "1380"]
[Opening "Sicilian: Alapin's variation (2.c3)"]
[ECO "B22"]
[NIC "SI.47"]
[Time "13:31:12"]
[TimeControl "2700+10"]

1. e4 c5 2. c3 Nf6 3. e5 Nd5 4. d4 cxd4 5. cxd4 d6 6. Nf3 Nc6 7. exd6 Qxd6
8. Nc3 Bg4 9. Be2 e6 10. O-O Be7 11. Be3 O-O 12. Qb3 Rfd8 13. Rac1 Rab8 14.
Rfd1 Nf4 15. Bxf4 Qxf4 16. d5 Bxf3 17. Bxf3 Nd4 18. Rxd4 Qxc1+ 19. Rd1 Qh6
20. Re1 Bd6 21. h3 exd5 22. Bxd5 Qf4 23. g3 Qf5 24. Kg2 Bc5 25. Bf3 Rd3 26.
Be4 Qxf2+ 27. Kh1 Qxe1+ 28. Kh2 Qg1# {White checkmated} 0-1

[Event "ICC tourney 1900 (45 10)"]
[Site "Internet Chess Club"]
[Date "2020.07.04"]
[Round "2"]
[White "chessKingR"]
[Black "Tombstone"]
[Result "0-1"]
[ICCResult "White checkmated"]
[WhiteElo "1405"]
[BlackElo "1564"]
[Opening "QGD semi-Slav"]
[ECO "D43"]
[NIC "SL.03"]
[Time "13:30:43"]
[TimeControl "2700+10"]

1. d4 d5 2. c4 c6 3. Nc3 Nf6 4. Nf3 e6 5. Bg5 h6 6. Bh4 dxc4 7. e4 g5 8. Bg3
b5 9. a3 Nbd7 10. Be2 Bb7 11. O-O Bg7 12. Re1 O-O 13. Ne5 Nxe5 14. Bxe5 a6
15. f4 Nd7 16. Bxg7 Kxg7 17. fxg5 hxg5 18. e5 c5 19. Bf3 Bxf3 20. gxf3 cxd4
21. Qxd4 Qb6 22. Qxb6 Nxb6 23. Ne4 Kh6 24. Nd6 Na4 25. Re2 Nc5 26. Kf2 Nd3+
27. Ke3 Nxe5 28. Rd1 Nd3 29. Red2 f5 30. Rxd3 cxd3 31. Rxd3 Kg6 32. Kd4 Kf6
33. Kc5 Rfd8 34. b4 Rac8+ 35. Kb6 Rc2 36. h3 Ke7 37. Nxf5+ exf5 38. Re3+ Kf6
39. Kxa6 Ra8+ 40. Kxb5 Ra2 41. Kc6 R2xa3 42. Rxa3 Rxa3 43. b5 Rxf3 44. b6
Rxh3 45. b7 Rb3 46. Kc7 Rxb7+ 47. Kxb7 f4 48. Kc6 f3 49. Kd5 f2 50. Ke4 f1=Q
51. Ke3 Ke5 52. Kd2 Kd4 53. Kc2 Qd3+ 54. Kb2 Qc3+ 55. Ka2 Qb4 56. Ka1 Kc3
57. Ka2 Qb2# {White checkmated} 0-1

[Event "ICC tourney 1900 (45 10)"]
[Site "Internet Chess Club"]
[Date "2020.07.04"]
[Round "2"]
[White "advaith06"]
[Black "Samuelhe2098"]
[Result "1-0"]
[ICCResult "Black checkmated"]
[WhiteElo "1594"]
[BlackElo "1404"]
[Opening "King's Indian: 3.g3"]
[ECO "E60"]
[NIC "KI.80"]
[Time "13:30:43"]
[TimeControl "2700+10"]

1. d4 Nf6 2. c4 g6 3. g3 c6 4. Nf3 d5 5. cxd5 cxd5 6. Nc3 Nc6 7. Bg2 Bg7 8.
O-O O-O 9. Ne5 Be6 10. Nxc6 bxc6 11. Bf4 Nd7 12. Qd2 Nb6 13. b3 Rc8 14. Rac1
Qd7 15. Nd1 f6 16. Nb2 Bf5 17. Nd3 Bxd3 18. Qxd3 e5 19. Be3 e4 20. Qd2 Rfd8
21. Bh6 f5 22. Bxg7 Qxg7 23. e3 g5 24. Kh1 g4 25. h4 Nd7 26. Rfd1 Qf7 27.
Bf1 Nf6 28. Rc2 Nh5 29. Rdc1 Qe6 30. Ba6 Rc7 31. Qa5 Qd6 32. Rxc6 Rxc6 33.
Rxc6 Qxc6 34. Qxd8+ Kf7 35. Qc8 Qxc8 36. Bxc8 Ng7 37. Kg2 h5 38. Kf1 Ke7 39.
Ke2 Kd8 40. Bb7 Kc7 41. Bxd5 Kd6 42. Bc4 a5 43. Kd2 Ne8 44. Kc3 Nc7 45. Bf7
Nb5+ 46. Kc2 Ke7 47. Bc4 Na7 48. Kb2 Kd6 49. Bf7 Ke7 50. Bxh5 Nc8 51. a3 Nd6
52. Bg6 Kf6 53. h5 Kg7 54. a4 Kf6 55. Kc3 Kg5 56. b4 axb4+ 57. Kxb4 Kf6 58.
a5 Nb7 59. a6 Nd8 60. d5 f4 61. gxf4 g3 62. fxg3 Kg7 63. a7 Kf6 64. a8=Q Nb7
65. Qa6+ Nd6 66. Qxd6+ Kg7 67. Qe7+ Kh8 68. Qf8# {Black checkmated} 1-0

[Event "ICC tourney 1900 (45 10)"]
[Site "Internet Chess Club"]
[Date "2020.07.04"]
[Round "2"]
[White "whyyoutrysohard"]
[Black "Priccchess"]
[Result "0-1"]
[ICCResult "White resigns"]
[WhiteElo "1402"]
[BlackElo "1593"]
[Opening "Queen's gambit declined"]
[ECO "D30"]
[NIC "QP.08"]
[Time "13:30:59"]
[TimeControl "2700+10"]

1. d4 d5 2. c4 e6 3. Nf3 Nf6 4. g3 Bb4+ 5. Bd2 Bxd2+ 6. Nbxd2 O-O 7. Bg2 h6
8. O-O c6 9. Qc2 Nbd7 10. Rfd1 Re8 11. e4 dxe4 12. Nxe4 Nxe4 13. Qxe4 Nf6
14. Qc2 Qc7 15. Ne5 Bd7 16. c5 Nd5 17. Nc4 Rf8 18. a3 f5 19. f4 b5 20. cxb6
axb6 21. Re1 Rfc8 22. Ne5 Be8 23. Rac1 Ra7 24. Qd3 Qd8 25. b4 Rac7 26. Nc4
Bf7 27. Ne5 g5 28. Nxf7 Kxf7 29. Qe2 Qf6 30. fxg5 hxg5 31. Qe5 Qxe5 32. Rxe5
Kf6 33. Kf2 f4 34. b5 cxb5 35. Rce1 Rc2+ 36. Kg1 Ne3 37. Bh3 Rh8 38. gxf4
gxf4 39. Bxe6 Rg2+ {White resigns} 0-1

[Event "ICC tourney 1900 (45 10)"]
[Site "Internet Chess Club"]
[Date "2020.07.04"]
[Round "2"]
[White "Singireddy"]
[Black "Quinlandia"]
[Result "1-0"]
[ICCResult "Black resigns"]
[WhiteElo "1612"]
[BlackElo "1197"]
[Opening "Caro-Kann: anti-anti-Caro-Kann defense"]
[ECO "B10"]
[NIC "CK.01"]
[Time "13:31:01"]
[TimeControl "2700+10"]

1. e4 c6 2. c4 d5 3. cxd5 cxd5 4. exd5 Nf6 5. Nf3 Bg4 6. Nc3 Nxd5 7. Bb5+
Nc6 8. Qa4 Nb4 9. Qxb4 Bxf3 10. gxf3 e6 11. Qe4 Rc8 12. d4 Bb4 13. O-O O-O
14. Bxc6 Rxc6 15. d5 exd5 16. Qxb4 Qd7 17. Bf4 Rc4 18. Qd6 Qf5 19. Nxd5
{Black resigns}
1-0

[Event "ICC tourney 1900 (45 10)"]
[Site "Internet Chess Club"]
[Date "2020.07.04"]
[Round "2"]
[White "vibi"]
[Black "gmcarebear999"]
[Result "1-0"]
[ICCResult "Black checkmated"]
[WhiteElo "1465"]
[BlackElo "1288"]
[Opening "QGD: Orthodox defense, 7.Rc1"]
[ECO "D63"]
[NIC "QO.11"]
[Time "13:30:58"]
[TimeControl "2700+10"]

1. d4 Nf6 2. c4 e6 3. Nf3 d5 4. Nc3 Be7 5. Bg5 O-O 6. e3 Nbd7 7. Rc1 b6 8.
Bd3 dxc4 9. Bxc4 Bb7 10. O-O h6 11. Bh4 c5 12. dxc5 Bxc5 13. Qe2 Qe7 14.
Rfd1 Rac8 15. a3 Bxf3 16. gxf3 Ne5 17. Ba2 Qb7 18. e4 g5 19. Bg3 Ng6 20. b4
Be7 21. Kh1 Nh5 22. Qe3 Ngf4 23. Ne2 e5 24. Bxf4 Nxf4 25. Nxf4 exf4 26. Qe1
Kh7 27. Qf1 Bf6 28. Qh3 Rxc1 29. Rxc1 Qa6 30. Qf5+ Kg7 31. e5 Be7 32. Bb1
Rh8 33. e6 Bf6 34. exf7 b5 35. Rc7 Kf8 36. Rc8+ Ke7 37. Rxh8 Bxh8 38. f8=Q#
{Black checkmated}
1-0

[Event "ICC tourney 1900 (45 10)"]
[Site "Internet Chess Club"]
[Date "2020.07.04"]
[Round "2"]
[White "poohfur"]
[Black "msk2018"]
[Result "1-0"]
[ICCResult "Black checkmated"]
[WhiteElo "1441"]
[BlackElo "1686"]
[Opening "Sicilian, Sz?n (`anti-Taimanov') variation"]
[ECO "B44"]
[NIC "SI.39"]
[Time "13:31:15"]
[TimeControl "2700+10"]

1. e4 c5 2. Nf3 e6 3. d4 cxd4 4. Nxd4 Nc6 5. Nb5 a6 6. Nd6+ Bxd6 7. Qxd6 Nf6
8. Bd3 b5 9. Bg5 h6 10. Bh4 g5 11. Bg3 Bb7 12. Nc3 Qb6 13. O-O O-O-O 14. Be2
Ne8 15. Qd2 Nc7 16. e5 Ne7 17. b4 Ncd5 18. Ne4 Nf5 19. Nd6+ Nxd6 20. exd6 f5
21. Be5 Rhg8 22. c4 bxc4 23. Bxc4 Nxb4 24. Rfb1 Qc6 25. Bf1 Qd5 26. Qxb4 a5
27. Qb6 Kb8 28. Qc7+ Ka8 29. Rb5 Qe4 30. Rxa5+ Ba6 31. Rxa6# {Black
checkmated} 1-0

[Event "ICC tourney 1900 (45 10)"]
[Site "Internet Chess Club"]
[Date "2020.07.04"]
[Round "2"]
[White "Alexbander"]
[Black "Legal757"]
[Result "1-0"]
[ICCResult "Black resigns"]
[WhiteElo "1304"]
[BlackElo "1338"]
[Opening "English: Bremen, reverse dragon"]
[ECO "A22"]
[NIC "EO.10"]
[Time "13:31:07"]
[TimeControl "2700+10"]

1. c4 e5 2. Nc3 Nf6 3. g3 d5 4. cxd5 Nxd5 5. Bg2 Nb6 6. Nf3 Nc6 7. O-O Be7
8. d3 O-O 9. a3 Re8 10. b4 Bf8 11. Bb2 a5 12. b5 Nd4 13. Nxd4 exd4 14. Ne4
a4 15. Rc1 Be6 16. Nc5 Bxc5 17. Rxc5 Rb8 18. Qa1 Qd6 19. Rfc1 Bd5 20. Bxd4
Bxg2 21. Kxg2 Rxe2 22. Bxg7 Qg6 23. Bf6 Qxd3 24. Rg5+ Kf8 25. Bg7+ Ke8 26.
Re5+ Rxe5 27. Qxe5+ {Black resigns} 1-0

[Event "ICC tourney 1900 (45 10)"]
[Site "Internet Chess Club"]
[Date "2020.07.04"]
[Round "2"]
[White "Sanyi9Pakh"]
[Black "ASilverRook"]
[Result "1/2-1/2"]
[ICCResult "Game drawn by mutual agreement"]
[WhiteElo "1515"]
[BlackElo "1361"]
[Opening "King's Indian, 3.Nf3"]
[ECO "E68"]
[NIC "KI.63"]
[Time "13:31:02"]
[TimeControl "2700+10"]

1. d4 Nf6 2. c4 g6 3. Nf3 d6 4. g3 Bg7 5. Bg2 O-O 6. O-O c6 7. Nc3 Nbd7 8.
e4 e5 9. d5 Nc5 10. Qc2 Bg4 11. b4 Ncxe4 12. Nxe4 Nxe4 13. Qxe4 f5 14. Qe3
Bxf3 15. Bxf3 e4 16. Rb1 exf3 17. Qxf3 Qd7 18. Re1 Rae8 19. Bf4 Bf6 20. h4
Re4 21. Rxe4 fxe4 22. Qxe4 Bxh4 23. Qe6+ Qxe6 24. dxe6 Be7 25. b5 g5 26. Be3
c5 27. f4 h5 28. fxg5 Kg7 29. Rf1 Rxf1+ 30. Kxf1 Kg6 31. Bf4 Kf5 32. Kf2
Kxe6 33. Kf3 d5 34. cxd5+ Kxd5 35. g6 Bf6 36. Bh6 Ke6 37. g4 hxg4+ 38. Kxg4
c4 39. g7 Kf7 40. Kf3 Bb2 41. Ke4 c3 42. Kd3 a6 43. bxa6 bxa6 44. Be3 a5 45.
a4 Kxg7 46. Bb6 Kf7 47. Bxa5 Ke7 48. Bxc3 {Game drawn by mutual agreement}
1/2-1/2

[Event "ICC tourney 1900 (45 10)"]
[Site "Internet Chess Club"]
[Date "2020.07.04"]
[Round "2"]
[White "Ajitesh20091"]
[Black "BTyrrell"]
[Result "1-0"]
[ICCResult "Black resigns"]
[WhiteElo "1375"]
[BlackElo "1241"]
[Opening "Pirc: classical system, 5.Be2"]
[ECO "B08"]
[NIC "PU.03"]
[Time "13:31:16"]
[TimeControl "2700+10"]

1. e4 d6 2. d4 Nf6 3. Nc3 g6 4. Nf3 Bg7 5. Be2 O-O 6. Be3 Nbd7 7. Qd2 e5 8.
Bh6 c6 9. Bxg7 Kxg7 10. h4 exd4 11. Nxd4 Nc5 12. h5 Ncxe4 13. Nxe4 Nxe4 14.
Qe3 Nf6 15. hxg6 fxg6 16. Qh6+ Kf7 17. g4 Rh8 18. g5 Ne4 19. Bd3 Qe7 20.
Qxh7+ Rxh7 21. Rxh7+ Ke8 22. Rxe7+ Kxe7 23. Bxe4 Kf7 24. Kd2 d5 25. Bd3 a6
26. Rh1 Kg7 27. Rh6 c5 28. Rxg6+ Kf7 29. Rf6+ Kg7 30. Nf5+ Bxf5 31. Bxf5 Re8
32. Re6 Rf8 33. Re7+ Kh8 34. Re5 Rg8 35. g6 Kg7 36. Rxd5 b6 37. Rd6 Rf8 38.
Rd7+ Kf6 39. g7 Re8 40. Bh7 Ke6 41. g8=Q+ Rxg8 42. Bxg8+ Kxd7 43. f4 Ke7 44.
Ke3 Kf6 45. Ke4 Kg7 46. Bd5 b5 47. f5 Kf6 48. Kf4 Ke7 49. Ke5 c4 50. f6+ Kf8
51. f7 Ke7 52. Bb7 Kxf7 53. Bxa6 b4 54. Bxc4+ Ke7 55. a3 bxa3 56. bxa3 Kd7
57. a4 Kc7 58. a5 Kb7 59. a6+ Ka7 60. Kd5 Ka8 61. Kc5 Ka7 62. Be6 Kxa6 63.
Kc6 Ka5 64. c4 Ka6 65. c5 Ka7 66. Kc7 Ka8 67. c6 Ka7 68. Kd8 {Black resigns}
1-0

[Event "ICC tourney 1900 (45 10)"]
[Site "Internet Chess Club"]
[Date "2020.07.04"]
[Round "2"]
[White "Ryan123455"]
[Black "Taechess"]
[Result "0-1"]
[ICCResult "White resigns"]
[WhiteElo "1348"]
[BlackElo "1946"]
[Opening "French: Winawer, advance, 6...Ne7"]
[ECO "C18"]
[NIC "FR.11"]
[Time "13:31:06"]
[TimeControl "2700+10"]

1. e4 e6 2. d4 d5 3. Nc3 Bb4 4. e5 c5 5. a3 Bxc3+ 6. bxc3 Ne7 7. h4 Qc7 8.
Nf3 Nbc6 9. h5 h6 10. g4 Bd7 11. g5 hxg5 12. Nxg5 Nf5 13. Bh3 cxd4 14. Bxf5
Qxe5+ 15. Be4 dxe4 16. cxd4 Qxd4 17. Rb1 Qd5 18. Qxd5 exd5 19. c4 f6 20.
cxd5 fxg5 21. dxc6 Bxc6 22. Bxg5 Kf7 23. Ke2 Rae8 24. Ke3 Re5 25. Kf4 Ke6
26. Ra1 Rf5+ 27. Kg4 e3 28. Rhe1 Bf3+ 29. Kg3 e2 30. Be3 b6 31. Rac1 Rhxh5
32. Rc7 g5 33. Rg7 g4 34. Rg6+ Kf7 35. Rh6 Rxh6 36. Bxh6 Rd5 {White resigns}
0-1

[Event "ICC tourney 1900 (45 10)"]
[Site "Internet Chess Club"]
[Date "2020.07.04"]
[Round "2"]
[White "DankMemer"]
[Black "shreyaschalla"]
[Result "0-1"]
[ICCResult "White checkmated"]
[WhiteElo "1499"]
[BlackElo "1509"]
[Opening "King's Indian: London system"]
[ECO "A45"]
[NIC "QP.03"]
[Time "13:31:37"]
[TimeControl "2700+10"]

1. d4 Nf6 2. Bf4 g6 3. Nf3 Bg7 4. e3 O-O 5. h3 d6 6. Be2 c5 7. O-O b6 8. c4
Nbd7 9. Nc3 cxd4 10. exd4 Bb7 11. d5 Rc8 12. Re1 Ba6 13. b3 Nc5 14. Rc1 Qd7
15. Bf1 Rfe8 16. b4 Qf5 17. Bh2 Nfe4 18. Nxe4 Nxe4 19. Rxe4 Bh6 20. Rc2 b5
21. Bd3 bxc4 22. Rexc4 Qxd5 23. Rd4 Qb7 24. a4 Bxd3 25. Qxd3 e5 26. Rxc8
Qxc8 27. Rc4 Qe6 28. Qc2 Bg7 29. Rc7 e4 30. Ng5 Qf6 31. Qa2 d5 32. Nxf7 e3
33. Qe2 exf2+ 34. Qxf2 Qa1+ 35. Qf1 Bd4+ 36. Kh1 Qxf1+ 37. Bg1 Qxg1#
{White checkmated}
0-1

[Event "ICC tourney 1900 (45 10)"]
[Site "Internet Chess Club"]
[Date "2020.07.04"]
[Round "2"]
[White "peekaboopenguin"]
[Black "hursha6b5"]
[Result "0-1"]
[ICCResult "White checkmated"]
[WhiteElo "1179"]
[BlackElo "1384"]
[Opening "Ruy Lopez: Berlin defense, open variation"]
[ECO "C67"]
[NIC "RL.07"]
[Time "13:31:00"]
[TimeControl "2700+10"]

1. e4 e5 2. Nf3 Nc6 3. Bb5 Nf6 4. O-O Nxe4 5. Re1 Nd6 6. Bxc6 dxc6 7. Nxe5
Be7 8. d4 O-O 9. Bf4 Nf5 10. c3 c5 11. dxc5 Bxc5 12. Qxd8 Rxd8 13. Nd3 Rxd3
14. Re8+ Bf8 15. Nd2 b6 16. Rae1 Nd6 17. Rd8 Bb7 18. Rxa8 Bxa8 19. Nf3 Bxf3
20. gxf3 Rxf3 21. Bg3 Rf6 22. b3 Re6 23. Rd1 f6 24. Kf1 Kf7 25. a3 Be7 26.
c4 g5 27. a4 h5 28. h3 a5 29. Rd2 Ne4 30. Rd3 Nxg3+ 31. fxg3 Bc5 32. Rd7+
Re7 33. Rd3 Re3 34. Rd7+ Kg6 35. Rxc7 Rxg3 36. Rd7 Rxh3 37. Kg2 Rxb3 38. Rd2
Rb4 39. Ra2 Rxc4 40. Kf3 h4 41. Kg2 g4 42. Ra1 h3+ 43. Kh2 Bd6+ 44. Kh1 g3
45. Ra2 g2+ 46. Kg1 Bc5+ 47. Rf2 Bxf2+ 48. Kxf2 Rc2+ 49. Kg1 Rc1+ 50. Kf2
g1=Q+ 51. Kf3 h2 52. Ke4 h1=Q+ 53. Kd3 Qf3+ 54. Kd2 Qgd1# {White checkmated}
0-1

[Event "ICC tourney 1900 (45 10)"]
[Site "Internet Chess Club"]
[Date "2020.07.04"]
[Round "2"]
[White "sathviks"]
[Black "oneonethree"]
[Result "1-0"]
[ICCResult "Black checkmated"]
[WhiteElo "1558"]
[BlackElo "1480"]
[Opening "Sicilian: Canal-Sokolsky attack, 3...Bd7"]
[ECO "B52"]
[NIC "SI.01"]
[Time "13:31:04"]
[TimeControl "2700+10"]

1. e4 c5 2. Nf3 d6 3. Bb5+ Bd7 4. Bxd7+ Nxd7 5. O-O g6 6. c3 Bg7 7. d4 cxd4
8. cxd4 Ngf6 9. Re1 O-O 10. Nc3 Rc8 11. h3 Kh8 12. e5 Ng8 13. e6 fxe6 14.
Ng5 Qb6 15. Nxe6 Rf5 16. g4 Rf7 17. Ng5 Rff8 18. Ne6 Rf7 19. Nd5 Qa5 20.
Ndf4 Bf6 21. Bd2 Qb6 22. Bc3 Bh4 23. Qf3 Rf6 24. g5 Rf5 25. Qg4 Ne5 26.
Nxg6+ Nxg6 27. Qxf5 d5 28. Qf7 Nf6 29. Qg7# {Black checkmated} 1-0

[Event "ICC tourney 1900 (45 10)"]
[Site "Internet Chess Club"]
[Date "2020.07.04"]
[Round "2"]
[White "Frankiechess11"]
[Black "steinutz"]
[Result "0-1"]
[ICCResult "White resigns"]
[WhiteElo "1235"]
[BlackElo "1348"]
[Opening "Giuoco Piano"]
[ECO "C54"]
[NIC "IG.02"]
[Time "13:31:33"]
[TimeControl "2700+10"]

1. e4 e5 2. Nf3 Nc6 3. Bc4 Bc5 4. c3 Nf6 5. d4 exd4 6. cxd4 Bb4+ 7. Nc3 Nxe4
8. O-O Bxc3 9. bxc3 O-O 10. Qc2 d5 11. Bd3 Bf5 12. Re1 Bg6 13. Nd2 Nd6 14.
Nf3 Bxd3 15. Qxd3 f6 16. Bf4 Qd7 17. Rab1 b6 18. Rec1 Nc4 19. Nd2 N6a5 20.
Nb3 Rfe8 21. Nxa5 Nxa5 22. Qb5 c6 23. Qd3 Nc4 24. Re1 Re6 25. Qh3 Rxe1+ 26.
Rxe1 Qxh3 27. gxh3 Kf7 28. Kg2 Rd8 29. Kf3 Rd7 30. Kg4 a6 31. Kh5 b5 32. f3
Nb2 33. Rb1 Na4 34. Rc1 Re7 35. Rc2 Re1 36. Bd6 Re3 37. Kg4 Rxc3 38. Re2 Rc4
39. Kh5 f5 40. Kg5 h6+ 41. Kxf5 g6+ 42. Ke5 Nb6 43. Bc5 Nd7+ 44. Kd6 Nxc5
45. dxc5 d4 46. Kxc6 Kf6 47. Kb6 Kf5 48. c6 Kf4 49. Kxa6 Kxf3 50. Kxb5 Rxc6
51. Rd2 Rd6 52. Kc5 Ke3 53. Rd1 Rd8 54. a4 d3 55. a5 d2 56. a6 Ke2 57. Rxd2+
Rxd2 58. a7 Ra2 59. Kd6 Rxa7 60. Ke6 Ra6+ 61. Kf7 h5 {White resigns} 0-1

[Event "ICC tourney 1900 (45 10)"]
[Site "Internet Chess Club"]
[Date "2020.07.04"]
[Round "2"]
[White "adchess"]
[Black "Adhvaith0406"]
[Result "1-0"]
[ICCResult "Black forfeits on time"]
[WhiteElo "2089"]
[BlackElo "1430"]
[Opening "Queen's pawn game, Rubinstein (Colle-Zukertort) variation"]
[ECO "D05"]
[NIC "QP.06"]
[Time "13:31:02"]
[TimeControl "2700+10"]

1. d4 Nf6 2. Nf3 e6 3. e3 d5 4. Bd3 c5 5. b3 Nc6 6. Bb2 cxd4 7. exd4 Bd6 8.
O-O O-O 9. Ne5 Bxe5 10. dxe5 Ne4 11. Bxe4 dxe4 12. Nd2 Qd5 13. Qe2 Nxe5 14.
Nxe4 Ng6 15. Rfd1 Qc6 16. Rd6 Qc7 17. Rad1 e5 18. c4 Re8 19. Qh5 Qe7 20. g3
h6 21. c5 Be6 22. h4 Rac8 23. R6d2 Rc6 24. Nd6 Rb8 25. Bxe5 Bxb3 26. Bxg7
Bxd1 27. Rxd1 Ra6 28. Qxh6 Rxa2 29. Nf5 Qe2 30. Rf1 Qe4 31. Bc3
{Black forfeits on time}
1-0